 Dungeon Crawl Stone Soup version 0.29.1-4-g47bece8355 (webtiles) character file.

Game seed: 5119801037670356192

101 ChrisAssaf the Stinger (level 5, -2/36 HPs)
             Began as a Human Venom Mage on Dec 9, 2022.
             Was a Follower of Okawaru.
             Slain by an orc
             ... wielding a +0 mace
              (8 damage)
             ... on level 3 of the Dungeon.
             The game lasted 00:09:31 (1484 turns).

ChrisAssaf the Stinger (Human Venom Mage)           Turns: 1484, Time: 00:09:31

Health: -2/36      AC:  1    Str:  9    XL:     5   Next: 4%
Magic:  0/17       EV: 12    Int: 17    God:    Okawaru [*.....]
Gold:   67         SH:  0    Dex: 19    Spells: 2/8 levels left

rFire   . . .      SeeInvis .   (no weapon)
rCold   . . .      Faith    .   (no shield)
rNeg    . . .      Spirit   .   a - +0 robe
rPois   .          Reflect  .   (no helmet)
rElec   .          Harm     .   (no cloak)
rCorr   .          Rampage  .   (no gloves)
Will    .....                   (no boots)
Stlth   ++........              (no amulet)
HPRegen 0.12/turn               b - ring of magical power
MPRegen 0.15/turn               f - +6 ring of dexterity

@: very slightly contaminated
A: deformed body
a: Renounce Religion, Heroism


You were on level 3 of the Dungeon.
You worshipped Okawaru.
Okawaru was aware of your devotion.
You visited 1 branch of the dungeon, and saw 4 of its levels.

You collected 67 gold pieces.

Inventory:

Missiles
 c - 2 silver boomerangs (quivered)
Armour
 a - a +0 robe (worn)
Jewellery
 b - a ring of magical power (left hand)
 f - a +6 ring of dexterity (right hand)
Potions
 d - a potion of flight {unknown}


   Skills:
 + Level 0.6 Fighting
 * Level 0.3 Throwing
 * Level 1.4 Armour
 * Level 2.1 Dodging
 * Level 2.6 Stealth
 * Level 2.3 Spellcasting
 * Level 0.2 Conjurations
 * Level 1.6 Transmutations
 * Level 1.1 Air Magic
 * Level 3.5 Poison Magic


You had 2 spell levels left.
You knew the following spells:

 Your Spells              Type           Power      Damage    Failure   Level
a - Sting                 Tmut/Pois      40%        1d5       7%          1
b - Poisonous Vapours     Pois/Air       20%        N/A       11%         2
c - Mephitic Cloud        Conj/Pois/Air  7%         N/A       28%         3

Your spell library contained the following spells:

 Spells                   Type           Power      Damage    Failure   Level
 Olgreb's Toxic Radiance  Pois           14%        N/A       41%         4


Dungeon Overview and Level Annotations

Branches:
Dungeon (4/15)
 Temple: D:4-7

Altars:
Okawaru


Innate Abilities, Weirdness & Mutations

Armour fits poorly on your strangely shaped body.


Message History

Casting: Poisonous Vapours (safe; 11% risk of failure)
Confirm with . or Enter, or press ? or * to list all spells.
Aiming: Sting (safe; 7% risk of failure)
Press: ? - help, Shift-Dir - straight line, f/p - orc
Aim: an orc, wielding a +0 hand axe (severely wounded, 71% to hit)
The sting hits the orc.
The orc is poisoned.
The orc is almost dead.
You kill the orc!
Okawaru accepts your kill.
Casting: Sting (safe; 7% risk of failure)
Confirm with . or Enter, or press ? or * to list all spells.
Aiming: Sting (safe; 7% risk of failure)
Press: ? - help, Shift-Dir - straight line, f - orc
Aim: an orc, wielding a +0 mace and wearing a +0 scale mail (75% to hit)
You miscast Sting.
Nothing appears to happen.
The orc hits you with a +0 mace.
Unknown command.
Casting: Sting (safe; 7% risk of failure)
Confirm with . or Enter, or press ? or * to list all spells.
Aiming: Sting (safe; 7% risk of failure)
Press: ? - help, Shift-Dir - straight line, f/p - orc
Aim: an orc, wielding a +0 mace and wearing a +0 scale mail (75% to hit)
The sting hits the orc but does no damage.
The orc is poisoned.
The orc hits you with a +0 mace.
It was a potion of mutation.
You feel extremely strange.
Your body twists and deforms.
The black bear misses you. The black bear barely misses you.
The black bear claws you. The orc closely misses you.
Casting: Sting (safe; 7% risk of failure)
Confirm with . or Enter, or press ? or * to list all spells.
Aiming: Sting (safe; 7% risk of failure)
Press: ? - help, Shift-Dir - straight line, f/p - orc
Aim: an orc, wielding a +0 mace and wearing a +0 scale mail (moderately wounded, poisoned, 75% to hit)
The sting hits the orc.
The orc looks even sicker.
The orc is severely wounded.
The black bear bites you!
* * * LOW HITPOINT WARNING * * *
The black bear misses you. The black bear claws you.
* * * LOW HITPOINT WARNING * * *
The orc hits you with a +0 mace!
You die...

#.# #.# ### #.# #..
#.# #.# #.# #.# #.#
# #.# ## #h# #. #o#
.. . #@#
#.##.###.##?#
#o#.##..o.........
#.#.....g.###.##.#
#.#######..(>....#
##...............#.
#..............##.#
#.####.#######.# #
#.##.....## .#
#..##...88####.#


You could see a black bear and an orc (very poisoned).

Vanquished Creatures
  A hound (D:4)
  4 adders
  2 orcs (D:3)
  An endoplasm (D:4)
  A giant cockroach (D:4)
  5 goblins
  4 hobgoblins
  4 jackals (D:3)
  3 ball pythons (D:3)
  A bat (D:3)
  4 frilled lizards
  3 kobolds
  A rat (D:2)
34 creatures vanquished.

Notes
Turn   | Place    | Note
-------+----------+-------------------------------------------
     0 | D:1      | ChrisAssaf the Human Venom Mage began the quest for the
                  | Orb.
     0 | D:1      | Reached XP level 1. HP: 13/13 MP: 3/3
   186 | D:2      | Reached XP level 2. HP: 10/19 MP: 0/5
   188 | D:2      | You fall into a shaft and drop 2 floors!
   289 | D:4      | Learned a level 2 spell: Poisonous Vapours
   313 | D:4      | Reached skill level 1 in Armour
   313 | D:4      | Reached XP level 3. HP: 19/24 MP: 3/6
   317 | D:4      | Learned a level 3 spell: Mephitic Cloud
   610 | D:4      | Reached XP level 4. HP: 14/31 MP: 2/7
   815 | D:3      | Found a faded altar of an unknown god.
   841 | D:3      | Reached skill level 1 in Air Magic
  1028 | D:3      | Prayed at the altar of an unknown god.
  1028 | D:3      | Became a worshipper of Warmaster Okawaru
  1028 | D:3      | Reached * piety under Okawaru
  1414 | D:3      | Reached XP level 5. HP: 30/36 MP: 2/8
  1477 | D:3      | Noticed a black bear
  1483 | D:3      | Gained mutation: Armour fits poorly on your strangely
                  | shaped body. [potion of mutation]
  1484 | D:3      | Slain by an orc

Illustrated notes

Levels and vault maps discovered:
D:1:      eino_arrival_druids_welcome, layout_basic, serial_co_window_serial,
          co_window_of_opportunity_a, co_window_paths_b, co_window_paths_b,
          co_window_paths_a, co_window_paths_b, co_window_of_opportunity_c,
          co_window_2corner, co_window_broadway_a, co_window_of_opportunity_b,
          co_window_of_opportunity_c, co_window_of_opportunity_c,
          co_window_paths_e, glass_columns_b, glass_columns_b, glass_columns_a,
          kennysheep_another_room
D:2:      layout_rooms
D:3:      layout_loops_ring, hellmonk_ecumenical_altar_dog_temple,
          guppyfry_early_orc_mine
D:4:      layout_gridville, chequers_serial_rivers_micro_a

Skill      XL: |  1  2  3  4 |
---------------+-------------+-----
Armour         | 1 |  1.4
Air Magic      | 1 |  1.1
Fighting       | |  0.6
Throwing       | |  0.3
Dodging        | |  2.1
Stealth        | |  2.6
Spellcasting   | |  2.3
Conjurations   | |  0.2
Transmutations | |  1.6
Poison Magic   | |  3.5

Action                   |  1- 3 |  4- 6 || total
-------------------------+-------+-------++-------
Throw: Dart              |    11 |     7 ||    18
 Cast: Sting             |    19 |     8 ||    27
       Poisonous Vapours |     9 |    18 ||    27
       Mephitic Cloud    |     3 |     3 ||     6
  Use: Potion            |     4 |     1 ||     5
       Scroll            |     1 |       ||     1
Armor: Robe              |    10 |     8 ||    18
Dodge: Dodged            |    49 |    42 ||    91
